 Dungeon Crawl Stone Soup version 0.30-a0-279-g4b46babb21 (webtiles) character file.

Game seed: 10294498556820418242

3877 pokeman the Thaumaturge (level 10, -3/56 HPs)
             Began as a Deep Elf Hedge Wizard on Oct 16, 2022.
             Slain by an orc knight
             ... wielding a +3 war axe
              (16 damage)
             ... in a bailey.
             The game lasted 00:22:43 (7290 turns).

pokeman the Thaumaturge (Deep Elf Hedge Wizard)     Turns: 7290, Time: 00:22:44

Health: -3/56      AC:  7    Str:  7    XL:     10   Next: 0%
Magic:  3/28       EV: 14    Int: 24    God:
Gold:   362        SH:  0    Dex: 22    Spells: 17/34 levels left

rFire   . . .      SeeInvis .    u - +3 sling "Cohuicem" {venom, rC+ rN+ Dex+8}
rCold   + . .      Faith    .    (no shield)
rNeg    + . .      Spirit   .    t - +2 animal skin
rPois   .          Reflect  .    n - +0 helmet
rElec   .          Harm     .    K - +0 cloak
rCorr   +          Rampage  .    (no gloves)
Will    ++...                    H - +0 pair of boots
Stlth   +++.......               (no amulet)
HPRegen 0.29/turn                q - ring of resist corrosion
MPRegen 0.21/turn                s - ring of willpower

@: no status effects
A: no striking features
a: no special abilities


You were in a bailey.
You visited 2 branches of the dungeon, and saw 8 of its levels.
You also visited: Bailey.

You collected 362 gold pieces.

Inventory:

Hand Weapons
 u - the +3 sling "Cohuicem" (weapon) {venom, rC+ rN+ Dex+8}
   (You found it on level 2 of the Dungeon)

   Any ammunition fired from it poisons the flesh of those it strikes.
   Dex:       It affects your dexterity (+8).
   rC:        It protects you from cold.
   rN:        It protects you from negative energy.
 A - the +8 spear "Mijerow" {flame, *Slow rN+++ Int-4 SInv}
   (You found it on level 3 of the Dungeon)

   It burns those it strikes, dealing additional fire damage.
   Int:       It affects your intelligence (-4).
   rN:        It renders you almost immune to negative energy.
   SInv:      It lets you see invisible.
   *Slow:     It may slow you when you take damage.
Missiles
 i - 3 poisoned darts
 j - 6 curare-tipped darts
Armour
 n - a +0 helmet (worn)
 t - a +2 animal skin (worn)
 y - a +2 scale mail of cold resistance
 H - a +0 pair of boots (worn)
 K - a +0 cloak (worn)
 N - a +0 kite shield
Magical Staves
 B - a staff of death
Jewellery
 q - a ring of resist corrosion (left hand)
 s - a ring of willpower (right hand)
Wands
 G - a wand of polymorph (8)
 M - a wand of flame (17)
Scrolls
 a - a scroll of silence
 b - 3 scrolls of vulnerability
 e - 2 scrolls of torment
 g - a scroll of identify
 k - 2 scrolls of amnesia
 o - a scroll of teleportation
 r - a scroll of blinking
 v - a scroll of fear
 w - a scroll of magic mapping
 x - a scroll of enchant weapon {unknown}
 z - 3 scrolls of poison {unknown}
 D - a scroll of immolation {unknown}
 F - a scroll of summoning {unknown}
Potions
 c - a potion of curing {unknown}
 d - 2 potions of magic
 f - a potion of invisibility {unknown}
 h - a potion of cancellation {unknown}
 l - a potion of resistance {unknown}
 m - a potion of degeneration {unknown}
 C - 2 potions of flight {unknown}
 E - 2 potions of might {unknown}
 I - 3 potions of mutation {unknown}
 J - 2 potions of heal wounds
 L - a potion of attraction {unknown}


   Skills:
 - Level 3.0 Fighting
 - Level 3.0 Armour
 - Level 3.1 Dodging
 - Level 3.0 Stealth
 + Level 1.3 Shields
 * Level 12.6 Spellcasting
 + Level 7.0 Conjurations
 - Level 1.1 Summonings
 - Level 1.1 Necromancy
 - Level 1.1 Translocations
 + Level 6.0 Fire Magic
 - Level 1.1 Air Magic
 - Level 1.1 Earth Magic
 - Level 1.2 Poison Magic
 - Level 1.1 Evocations


You had 17 spell levels left.
You knew the following spells:

 Your Spells              Type           Power      Damage    Failure   Level
a - Magic Dart            Conj           100%       1d8       1%          1
b - Mephitic Cloud        Conj/Pois/Air  30%        N/A       3%          3
c - Call Imp              Summ           20%        N/A       3%          2
d - Blink                 Tloc           40%        N/A       3%          2
e - Flame Wave            Conj/Fire      46%        2d12      2%          4
f - Stone Arrow           Conj/Erth      68%        3d11      2%          3
g - Scorch                Fire           88%        2d9       1%          2

Your spell library contained the following spells:

 Spells                   Type           Power      Damage    Failure   Level
 Sandblast                Erth           40%        2d10      2%          1
 Cigotuvi's Dreadful Rot  Necr/Pois/Air  40%        N/A       3%          2
 Slow                     Hex            60%        N/A       4%          1
 Passwall                 Tmut/Erth      14%        N/A       4%          2
 Summon Cactus Giant      Summ           10%        N/A       98%         6


Dungeon Overview and Level Annotations

Branches:
Dungeon (7/15)             Temple (1/1) D:5          Bailey (1/1)

Altars:
Ashenzari
Cheibriados
Dithmenos
Elyvilon
Fedhas
Gozag
Hepliaklqana
Kikubaaqudgha
Nemelex Xobeh
Okawaru
Qazlal
Ru
Sif Muna
Uskayaw
Wu Jian
Xom
Yredelemnul
Zin
The Shining One

Annotations:
D:4 1 runed translucent door, Taurus's ghost, novice MiFi


Message History

You are confused.
You hear a shout!
The goblin is engulfed in noxious fumes.
The goblin appears confused.
The goblin hits the gnoll but does no damage.
The goblin hits you but does no damage.
The goblin hits itself with a +0 hand axe.
The goblin hits you with a +0 hand axe.
* * * LOW HITPOINT WARNING * * *
The gnoll is engulfed in noxious fumes.
The gnoll appears confused.
The goblin is engulfed in noxious fumes.
The goblin appears confused.
Unknown command.
The goblin attacks as you move away! The goblin hits you but does no damage.
You feel less confused.
The gnoll is engulfed in noxious fumes.
The gnoll appears confused.
You feel much better. The goblin barely misses you.
The goblin hits the goblin but does no damage.
The goblin hits itself with a +0 hand axe.
The goblin is killed!
Casting: Mephitic Cloud (dangerous; 3% risk of failure)
Confirm with . or Enter, or press ? or * to list all spells.
You don't have enough magic to cast this spell.
Fire: u) +3 sling "Cohuicem" {venom, rC+ rN+ Dex+8}
Press: ? - help, Q - select action, (/) - cycle Shift-Dir - straight line, f/p - gnoll
Aim: a gnoll, wielding a +4 hand axe and wearing a +0 leather armour (confused, 84% to hit)
You shoot a sling bullet. The sling bullet hits the goblin.
You kill the goblin!
Unknown command.
The orc attacks as you move away! The orc barely misses you.
A gnoll comes into view. It is wielding a +0 hand axe.
Found a scroll labelled LEUROULAZU.
The orc knight hits you with a +3 war axe!!
You shoot a sling bullet.
The sling bullet hits the gnoll but does no damage.
The gnoll is poisoned.
The gnoll hits you with a +0 hand axe.
* * * LOW HITPOINT WARNING * * *
The orc misses you.
The orc knight hits you with a +3 war axe!
You die...

?...? ..... .......
....... ##### ....⌠....
#######
....##..o......##.....##
.....'.........g.......#
....)## ##@......##
..))..# #oo.......#
.).)..## ##.°.......#
.⌠)....# #.).gg⌠.....
....o.## ##.........#
..)...# #.........#
)....## ##.......##
)....# #.......# )...##
##.....##


You could see an orc knight, 2 gnolls, an orc (strong) and a goblin (confused).

Vanquished Creatures
  A wraith (D:6)
  3 water moccasins
  2 sky beasts (D:6)
  12 orc warriors
  2 centaurs
  2 ogres
  A phantom (D:5)
  2 bullfrogs (D:6)
  6 scorpions
  9 wights
  2 electric eels (D:6)
  A howler monkey (D:5)
  2 jellies
  6 hounds
  2 orc priests
  An iguana (D:5)
  3 orc wizards
  4 adders
  7 gnolls
  2 white imps
  A worm (D:3)
  3 dart slugs
  22 orcs
  2 bats
  6 endoplasms
  2 giant cockroaches
  17 hobgoblins
  6 jackals
  2 quokkas
  3 ball pythons
  6 frilled lizards
  21 goblins
  6 kobolds
  4 rats (D:1)
171 creatures vanquished.

Vanquished Creatures (collateral kills)
  Robin (D:2)
  2 goblins (D:2)
  A hobgoblin (D:2)
4 creatures vanquished.

Grand Total: 175 creatures vanquished

Notes
Turn   | Place    | Note
-------+----------+-------------------------------------------
     0 | D:1      | pokeman the Deep Elf Hedge Wizard began the quest for the
                  | Orb.
     0 | D:1      | Reached XP level 1. HP: 10/10 MP: 7/7
   399 | D:1      | Reached XP level 2. HP: 15/15 MP: 7/9
  1438 | D:2      | Reached skill level 5 in Spellcasting
  1450 | D:2      | Reached XP level 3. HP: 14/20 MP: 0/11
  1452 | D:2      | Noticed Robin
  1481 | D:1      | Learned a level 3 spell: Mephitic Cloud
  1484 | D:1      | Learned a level 2 spell: Call Imp
  1487 | D:1      | Learned a level 2 spell: Blink
  1605 | D:2      | Killed Robin
  1606 | D:2      | Reached skill level 1 in Fighting
  1668 | D:2      | Reached skill level 1 in Armour
  2076 | D:2      | Identified the +3 sling "Cohuicem" {venom, rC+ rN+ Dex+8}
  2264 | D:3      | Reached XP level 4. HP: 25/25 MP: 13/13
  2304 | D:3      | Learned a level 4 spell: Flame Wave
  2307 | D:3      | Learned a level 2 spell: Scorch
  2346 | D:3      | Found a broken altar of Ashenzari.
  2593 | D:3      | Identified the +8 spear "Mijerow" {flame, *Slow rN+++ Int-4
                  | SInv}
  2661 | D:4      | Noticed an ogre
  2696 | D:4      | Killed an ogre
  2697 | D:4      | Reached skill level 6 in Spellcasting
  2697 | D:4      | Reached XP level 5. HP: 13/29 MP: 11/15
  2905 | D:4      | Found a runed translucent door.
  2908 | D:4      | Noticed Taurus's ghost (novice MiFi)
  2989 | D:4      | Reached skill level 1 in Necromancy
  2989 | D:4      | Reached skill level 1 in Fire Magic
  3001 | D:4      | Reached XP level 6. HP: 13/34 MP: 11/17
  3139 | D:4      | Learned a level 3 spell: Stone Arrow
  3229 | D:4      | Found a hazy altar of Hepliaklqana.
  3229 | D:4      | Found an ancient bone altar of Kikubaaqudgha.
  3475 | D:5      | Entered Level 5 of the Dungeon
  3725 | D:5      | Reached skill level 7 in Spellcasting
  3725 | D:5      | Reached skill level 1 in Air Magic
  3725 | D:5      | Reached skill level 1 in Poison Magic
  3910 | D:5      | Reached skill level 1 in Earth Magic
  3910 | D:5      | Reached skill level 1 in Evocations
  3910 | D:5      | Reached XP level 7. HP: 38/38 MP: 20/20
  4248 | D:5      | Reached skill level 8 in Spellcasting
  4532 | D:5      | Reached XP level 8. HP: 44/44 MP: 22/22
  4534 | D:5      | Reached skill level 9 in Spellcasting
  4647 | D:5      | Reached skill level 5 in Conjurations
  4845 | D:5      | Found a staircase to the Ecumenical Temple.
  4852 | Temple   | Entered the Ecumenical Temple
  5355 | D:6      | Reached skill level 10 in Spellcasting
  5665 | D:6      | Reached XP level 9. HP: 50/50 MP: 25/25
  5753 | D:6      | Reached skill level 11 in Spellcasting
  5970 | D:6      | Reached skill level 5 in Fire Magic
  6672 | D:6      | Found a shimmering blue altar of Sif Muna.
  6908 | D:7      | Found a flagged portal.
  6930 | Bailey   | Entered a bailey
  7063 | Bailey   | Reached skill level 12 in Spellcasting
  7165 | Bailey   | Reached skill level 1 in Shields
  7173 | Bailey   | Reached XP level 10. HP: 17/56 MP: 14/28
  7190 | Bailey   | Noticed an orc warlord
  7257 | Bailey   | Noticed an orc knight
  7281 | Bailey   | Noticed an orc knight
  7290 | Bailey   | Slain by an orc knight

Illustrated notes

Levels and vault maps discovered:
D:1:      dpeg_arrival_three_bigger_balls, layout_basic,
          chequers_serial_rivers_marsh
D:2:      layout_rooms, uniq_robin
D:3:      layout_rooms, mainiacjoe_overflow_small_starburst, minmay_vboxes
D:4:      layout_loops_ring, gammafunk_temple_overflow_statue,
          ebering_ghost_reflecting_pool
D:5:      minmay_bubble_buster, layout_layer_cave, minmay_temple_entry_trees
D:6:      mumra_celtic_spiral_tile, layout_basic, kennysheep_little_box,
          nrook_pool_corridor, hangedman_decor_diamond_cutter
D:7:      layout_layer_cave, enter_bailey_5, grunt_decor_fettered,
          uniq_crazy_yiuf_cottage
Temple:   nicolae_temple_bog_church
Bailey:   bailey_axe_minmay_hex_keep, bailey

Skill      XL: |  1  2  3  4  5  6  7  8  9 |
---------------+----------------------------+-----
Spellcasting   | 5 6 7 8 10 12 | 12.6
Fighting       | 1 2 3 |  3.0
Armour         | 1 3 |  3.0
Conjurations   | 2 3 4 5 7 |  7.0
Dodging        | 3 |  3.1
Stealth        | 3 |  3.0
Necromancy     | 1 |  1.1
Fire Magic     | 1 2 4 6 |  6.0
Air Magic      | 1 |  1.1
Poison Magic   | 1 |  1.2
Earth Magic    | 1 |  1.1
Evocations     | 1 |  1.1
Shields        | 1 |  1.3
Summonings     | |  1.1
Translocations | |  1.1

Action                   |  1- 3 |  4- 6 |  7- 9 | 10-12 || total
-------------------------+-------+-------+-------+-------++-------
Melee: Dagger            |    11 |       |       |       ||    11
       Spear             |     9 |     1 |       |       ||    10
       Long sword        |    22 |       |       |       ||    22
 Fire: Sling             |     8 |    73 |   202 |     8 ||   291
Throw: Dart              |     3 |       |       |       ||     3
 Cast: Magic Dart        |    86 |     5 |     8 |       ||    99
       Mephitic Cloud    |     1 |     3 |    13 |     9 ||    26
       Call Imp          |     1 |       |     3 |       ||     4
       Blink             |       |     1 |     1 |     5 ||     7
       Stone Arrow       |       |     4 |    43 |       ||    47
       Scorch            |       |       |     1 |       ||     1
       Flame Wave        |       |       |     1 |       ||     1
Evoke: Wand              |       |       |       |     3 ||     3
  Use: Potion            |       |       |     1 |     1 ||     2
       Scroll            |       |       |     9 |     1 ||    10
 Stab: Sleeping          |     1 |       |       |       ||     1
Armor: Robe              |    16 |       |       |       ||    16
       Animal skin       |       |     5 |    20 |     3 ||    28
Dodge: Dodged            |    48 |    29 |    83 |    11 ||   171

Table legend: (Time is in decaauts)
 A = Elapsed time spent in this place.
 B = Non-inter-level travel time spent in this place.
 C = Inter-level travel time spent in this place.
 D = Time resting spent in this place.
 E = Time spent auto-exploring this place.
 F = Levels seen in this place.
 G = Mean time per level.
                   A        B        C        D        E       F      G
               +--------+--------+--------+--------+--------+-----+--------+
         Total |   7426 |   7158 |    268 |    507 |   5228 |   9 |  825.1 |
       Dungeon |   6820 |   6564 |    256 |    481 |   4963 |   7 |  974.3 |
        Temple |    209 |    197 |     12 |      0 |    184 |   1 |  209.0 |
        Bailey |    396 |    396 |      0 |     26 |     80 |   1 |  396.0 |
               +--------+--------+--------+--------+--------+-----+--------+

Top non-repeatable levels by time:
     D:5: 1661 daAuts
     D:6: 1573 daAuts
     D:1: 1551 daAuts
     D:4: 859 daAuts
     D:2: 663 daAuts
     D:3: 478 daAuts
  Bailey: 396 daAuts
  Temple: 209 daAuts
     D:7: 33 daAuts
